 Dungeon Crawl Stone Soup version 0.22-a0-423-g4197694 (webtiles) character file.

42 jerryfan the Magician (level 3, -2/25 HPs)
             Began as a Gnoll Wanderer on May 23, 2018.
             Slain by an adder (4 damage)
             ... on level 2 of the Dungeon.
             The game lasted 00:06:32 (2626 turns).

jerryfan the Magician (Gnoll Wanderer)              Turns: 2626, Time: 00:06:32

Health: -2/25      AC:  2    Str: 17    XL:     3   Next: 56%
Magic:  9/9        EV: 11    Int: 14    God:
Gold:   71         SH:  4    Dex: 12    Spells: 12/12 levels left

rFire    . . .     SeeInvis +   e - +0 club
rCold    . . .     Gourm    .   (no shield)
rNeg     . . .     Faith    .   d - +0 robe
rPois    .         Spirit   .   (no helmet)
rElec    .         Reflect  .   (no cloak)
rCorr    .         Harm     .   (no gloves)
MR       .....                  (no boots)
Stlth    +.........             (no amulet)
HPRegen  0.08/turn              (no ring)
MPRegen  0.11/turn              (no ring)

@: lethally poisoned (-2 -> -10)
A: distributed training, fangs 1, large bone plates 1, see invisible, mutation
resistance 1, strong nose
a: no special abilities


You were on level 2 of the Dungeon.
You were very hungry.

You visited 1 branch of the dungeon, and saw 2 of its levels.

You collected 71 gold pieces.

Inventory:

Hand Weapons
 e - a +0 club (weapon)
Missiles
 b - 8 poisoned needles
Armour
 d - a +0 robe (worn)
 h - a +0 large shield of fire resistance
Wands
 c - a wand of random effects (9)
Scrolls
 a - a scroll of amnesia {unknown}
 g - a scroll of noise {unknown}
 j - a scroll of enchant weapon {unknown}
 k - a scroll of fear {unknown}
 m - 2 scrolls of remove curse {unknown}
Comestibles
 f - 4 rations


   Skills:
 + Level 0.8 Fighting
 + Level 0.8 Short Blades
 + Level 0.8 Long Blades
 + Level 0.8 Axes
 + Level 0.8 Maces & Flails
 + Level 0.8 Polearms
 + Level 0.8 Staves
 + Level 0.8 Slings
 + Level 0.8 Bows
 + Level 0.8 Crossbows
 + Level 2.6 Throwing
 + Level 0.8 Armour
 + Level 0.8 Dodging
 + Level 0.8 Stealth
 + Level 0.8 Shields
 + Level 0.8 Unarmed Combat
 + Level 5.0 Spellcasting
 + Level 0.5 Conjurations
 + Level 0.5 Hexes
 + Level 2.1 Charms
 + Level 0.5 Summonings
 + Level 0.5 Necromancy
 + Level 0.5 Translocations
 + Level 0.5 Transmutations
 + Level 3.7 Fire Magic
 + Level 2.1 Ice Magic
 + Level 0.5 Air Magic
 + Level 0.5 Earth Magic
 + Level 3.7 Poison Magic
 + Level 1.0 Invocations
 + Level 2.6 Evocations


You had 12 spell levels left.
You didn't know any spells.
Your spell library contained the following spells:

 Spells                   Type           Power        Failure   Level  Hunger
 Throw Frost              Conj/Ice       #.....       16%         2    ##.....
 Freeze                   Ice            #...         8%          1    None
 Summon Ice Beast         Ice/Summ       #.......     69%         4    ####...
 Ozocubu's Armour         Chrm/Ice       #.......     22%         3    ###....
 Sting                    Conj/Pois      #...         7%          1    None
 Spider Form              Tmut/Pois      #.........   22%         3    ###....
 Throw Icicle             Conj/Ice       #.......     69%         4    ####...


Dungeon Overview and Level Annotations

Branches:
Dungeon (2/15)

Altars:


Innate Abilities, Weirdness & Mutations

Your experience applies equally to all skills.
You have very sharp teeth.
Your uncanny sense of smell can sniff out nearby items.
You are partially covered in large bone plates. (SH +4)
You have supernaturally acute eyesight. (SInv)
You are somewhat resistant to further mutation.


Message History

You are more poisoned.
The adder poisons you!
You miss the adder.
The adder is almost dead.
* * * LOW HITPOINT WARNING * * *
You feel sick. The adder bites you but does no damage.
You block the adder's attack.
You miss the adder.
The adder is almost dead.
* * * LOW HITPOINT WARNING * * *
You feel sick. The adder barely misses you.
You closely miss the adder.
The adder is almost dead.
* * * LOW HITPOINT WARNING * * *
You feel sick. The adder closely misses you. The adder barely misses you.
You hit the adder. Your bite misses the adder.
The adder is almost dead.
* * * LOW HITPOINT WARNING * * *
You feel sick. The adder bites you.
You die...

#>.....######
######.#.........#
##...........####.#
#.......###..####.#
.........<........#
#..##..........##.#
#..#.....##.#..##.###
#..................>#
#.....S@.#..#.###.#.#
#.####..##.#..#.###...#
#.......##...........##
####)# ###.#######.#
#.# #.....#####.### #.#
#.....##......## #.#
#.....##.......# ###.#
#...[.##.##.#..# #...#
#.....##.##.#..##


You could see an adder.

Vanquished Creatures
  2 dart slugs (D:1)
  2 leopard geckos (D:1)
  4 giant cockroaches (D:1)
  3 goblins (D:1)
  5 hobgoblins
  5 bats
  3 frilled lizards (D:1)
  4 kobolds (D:1)
  A leopard gecko skeleton (D:2)
  7 rats
36 creatures vanquished.

Notes
Turn   | Place    | Note
-------+----------+-------------------------------------------
     0 | D:1      | jerryfan the Gnoll Wanderer began the quest for the Orb.
     0 | D:1      | jerryfan set off with: a wand of random effects (15), a +0 robe, a +0 club, a ration
     0 | D:1      | Reached XP level 1. HP: 13/13 MP: 6/6
   262 | D:1      | Reached XP level 2. HP: 9/19 MP: 7/7
  1231 | D:1      | Reached XP level 3. HP: 13/25 MP: 9/9
  1515 | D:1      | Reached skill level 5 in Spellcasting
  2027 | D:2      | Reached skill level 1 in Invocations
  2139 | D:2      | Noticed a bullfrog
  2165 | D:2      | Gained mutation: You have supernaturally acute eyesight. (SInv) [potion of mutation]
  2165 | D:2      | Gained mutation: You are partially covered in large bone plates. (SH +4) [potion of mutation]
  2165 | D:2      | Gained mutation: You are somewhat resistant to further mutation. [potion of mutation]
  2168 | D:2      | HP: 1/25 [kobold (2)]
  2626 | D:2      | Slain by an adder

Vault maps used:
D:1:      onia_arrival_mini_spirals
D:2:      zin_academy, lemuel_zombie_altar_yredelemnul

Skill      XL: |  1  2  3 |
---------------+----------+-----
Charms         | 2 |  2.1
Ice Magic      | 2 |  2.1
Spellcasting   | 5 |  5.0
Invocations    | 1 |  1.0
Fighting       | |  0.8
Short Blades   | |  0.8
Long Blades    | |  0.8
Axes           | |  0.8
Maces & Flails | |  0.8
Polearms       | |  0.8
Staves         | |  0.8
Slings         | |  0.8
Bows           | |  0.8
Crossbows      | |  0.8
Throwing       | |  2.6
Armour         | |  0.8
Dodging        | |  0.8
Stealth        | |  0.8
Shields        | |  0.8
Unarmed Combat | |  0.8
Conjurations   | |  0.5
Hexes          | |  0.5
Summonings     | |  0.5
Necromancy     | |  0.5
Translocations | |  0.5
Transmutations | |  0.5
Fire Magic     | |  3.7
Air Magic      | |  0.5
Earth Magic    | |  0.5
Poison Magic   | |  3.7
Evocations     | |  2.6

Action                   || total
-------------------------++-------
Melee: Club              ||   159
       Bite              ||    14
Evoke: Wand              ||     6
  Use: Potion            ||     4
 Stab: Sleeping          ||     1
       Paralysed         ||     5
  Eat: Chunk             ||     4
Armor: Robe              ||    54
Dodge: Dodged            ||   131
Block: Large shield      ||     6
       Other             ||     4

Table legend:
 A = Spawn XP
 B = Non-spawn XP
 C = Spawn XP percentage of total XP
 D = Spawn monster count
 E = Non-spawn monster count
 F = Spawn count percentage of total count
 G = Total turns spent on level
                    A         B        C        D         E        F      G
               +---------+---------+-------+---------+---------+-------+---------
         Total |       0 |      61 |   0.0 |       0 |      36 |   0.0 |  2626
               +---------+---------+-------+---------+---------+-------+---------
           D:1 |       0 |      53 |   0.0 |       0 |      30 |   0.0 |  2256
           D:2 |       0 |       8 |   0.0 |       0 |       6 |   0.0 |   370
               +---------+---------+-------+---------+---------+-------+---------
